 Dungeon Crawl Stone Soup version 0.31-a0-1570-g93c622d222 (webtiles) character file.

Game seed: 1564283219969021738

1661 pokeman the Thaumaturge (level 8, -10/44 HPs)
             Began as a Deep Elf Hedge Wizard on Jan 4, 2024.
             Was a Follower of Vehumet.
             Killed by divine providence
             ... invoked by an orc priest
              (14 damage)
             ... on level 7 of the Dungeon.
             The game lasted 00:12:32 (5833 turns).

pokeman the Thaumaturge (Deep Elf Hedge Wizard)     Turns: 5833, Time: 00:12:33

Health: -10/44     AC:  9    Str:  7    XL:     8   Next: 69%
Magic:  13/24      EV: 12    Int: 28    God:    Vehumet [*.....]
Gold:   322        SH:  0    Dex: 14    Spells: 19/27 levels left

rFire   . . .        b - +1 dagger (venom)
rCold   . . .        (no shield)
rNeg    + . .        k - +1 leather armour of Lugonu's Whim {Rampage *Slow Fly rN+}
rPois   .            J - +0 helmet
rElec   .            p - +2 cloak
rCorr   +            j - +0 pair of gloves
SInv    .            (no boots)
Will    .....        q - amulet of the acrobat
Stlth   ++           i - +6 ring of intelligence
HPRegen 0.27/turn    I - ring of resist corrosion
MPRegen 0.19/turn

%: slow self (1%), acrobat, rampage
@: flying
A: no striking features
a: Renounce Religion


You were on level 7 of the Dungeon.
You worshipped Vehumet.
Vehumet was aware of your devotion.
You visited 2 branches of the dungeon, and saw 8 of its levels.

You collected 322 gold pieces.

Inventory:

Hand Weapons
 b - a +1 dagger of venom (weapon)
 u - a +2 dagger of pain
Missiles
 z - a throwing net
Armour
 j - a +0 pair of gloves (worn)
 k - the +1 leather armour of Lugonu's Whim (worn) {Rampage *Slow Fly rN+}
   (You found it on level 2 of the Dungeon)

   rN+:       It protects you from negative energy.
   Fly:       It grants you flight.
   *Slow:     It may slow you when you take damage.
   Rampage:   It bestows one free step when moving towards enemies.
 p - a +2 cloak (worn)
 J - a +0 helmet (worn)
Jewellery
 i - a +6 ring of intelligence (left hand)
 q - an amulet of the acrobat (around neck)
 I - a ring of resist corrosion (right hand)
Scrolls
 c - a scroll of enchant weapon {unknown}
 e - a scroll of teleportation {unknown}
 f - 3 scrolls of noise {unknown}
 h - a scroll of torment {unknown}
 n - 2 scrolls of identify {unknown}
 v - a scroll of vulnerability {unknown}
 w - a scroll of amnesia {unknown}
 y - 2 scrolls of revelation {unknown}
 A - 2 scrolls of fog {unknown}
 B - a scroll of poison {unknown}
 C - a scroll of enchant armour {unknown}
 F - a scroll of blinking {unknown}
 G - 2 scrolls of acquirement {unknown}
 H - 2 scrolls of fear {unknown}
Potions
 a - a potion of curing {unknown}
 d - a potion of magic
 g - a potion of mutation {unknown}
 l - a potion of ambrosia {unknown}
 m - 2 potions of haste {unknown}
 o - 3 potions of brilliance {unknown}
 r - a potion of invisibility {unknown}
 s - a potion of enlightenment {unknown}
 t - a potion of heal wounds {unknown}
 x - a potion of attraction {unknown}
 E - a potion of resistance {unknown}


   Skills:
 - Level 2.1 Fighting
 + Level 2.8 Armour
 - Level 3.0 Dodging
 - Level 3.0 Stealth
 * Level 10.1 Spellcasting
 + Level 5.3 Conjurations
 - Level 1.1 Summonings
 + Level 4.9 Necromancy
 - Level 1.1 Translocations
 - Level 1.1 Air Magic
 - Level 1.0 Alchemy
 - Level 1.0 Evocations


You had 19 spell levels left.
You knew the following spells:

 Your Spells              Type           Power      Damage    Failure   Level
a - Magic Dart            Conj           100%       1d8       1%          1
b - Mephitic Cloud        Conj/Alch/Air  28%        N/A       6%          3
c - Call Imp              Summ           40%        N/A       5%          2
d - Blink                 Tloc           40%        N/A       5%          2

Your spell library contained the following spells:

 Spells                   Type           Power      Damage    Failure   Level
 Sandblast                Erth           28%        2d8       6%          1
 Kiss of Death            Conj/Necr      100%       2d13      1%          1
 Sublimation of Blood     Necr           41%        N/A       1%          2
 Cigotuvi's Dreadful Rot  Necr/Alch/Air  54%        N/A       3%          2
 Slow                     Hex            56%        N/A       6%          1
 Dispel Undead            Necr           41%        3d16      8%          4
 Call Canine Familiar     Summ           20%        N/A       11%         3
 Confusing Touch          Hex            14%        N/A       17%         3
 Sigil of Binding         Hex            14%        N/A       17%         3
 Dimensional Bullseye     Hex/Tloc       8%         N/A       41%         4
 Summon Hydra             Summ           10%        N/A       100%        7


Dungeon Overview and Level Annotations

Branches:
Dungeon (7/15)             Temple (1/1) D:4

Altars:
Ashenzari
Dithmenos
Elyvilon
Fedhas
Hepliaklqana
Makhleb
Qazlal
Ru
Sif Muna
Trog
Uskayaw
Vehumet
Xom
Yredelemnul
Zin
The Shining One


Message History

Unknown command.
You hit the killer bee.
The killer bee is lightly wounded.
The hound completely misses the vampire mosquito.
The hound bites itself but does no damage.
The killer bee closely misses the bullfrog.
The killer bee barely misses itself.
The bullfrog hits you but does no damage.
Unknown command.
You hit the killer bee.
The killer bee is heavily wounded.
The hound barely misses you.
The bullfrog hits you but does no damage.
The orc priest calls down the wrath of Beogh upon you.
Beogh smites you!
* * * LOW HITPOINT WARNING * * *
The killer bee closely misses you.
Unknown command.
You hit the bullfrog.
The bullfrog looks as sick as possible!
The bullfrog is moderately wounded.
The hound bites you but does no damage. The bullfrog barely misses you.
The killer bee closely misses the bullfrog.
The hound bites you but does no damage. The bullfrog barely misses you.
The orc priest looks braver for a moment.
An orc comes into view. It is wielding a +0 hand axe.
Unknown command.
Casting: Blink (safe; 5% risk of failure)
Confirm with . or Enter, or press ? or * to list all spells.
You are still too unstable to blink.
You hit the killer bee.
The killer bee is poisoned.
The killer bee is heavily wounded.
You feel ready to blink again. The killer bee barely misses you.
The hound misses you. The bullfrog closely misses you.
The killer bee barely misses you.
The killer bee stings itself!
The killer bee is killed!
Vehumet accepts your kill.
The orc priest mumbles some strange prayers to Beogh against you.
Beogh smites you!
You die...

....#.####..#
#)##h#
#...........##
#.##§#
......#####..#
#†##y##
###.### ##.#
#.##..# #.#
#.# #.##.#.##
#.# #.#
#{#.###.#
###.## #.#
#y##.#.##
.....# #.#
#h###.#
####<#######.#
#@###o######
#..<......#
#.FWoo.o..o..
###########
#####...#####
###'# #


You could see a vampire mosquito, a phantom, a bullfrog (extremely poisoned), a
hound (confused), 2 orc priests and an orc.

Vanquished Creatures
  A manticore (D:6)
  A steam dragon (D:7)
  An ice beast (D:6)
  An orc warrior (D:7)
  A black bear (D:6)
  An ogre (D:4)
  A phantom (D:5)
  A kobold brigand (D:7)
  A bullfrog (D:6)
  A scorpion (D:5)
  A killer bee (D:7)
  A howler monkey (D:4)
  2 hounds (D:6)
  3 jellies
  A sleepcap (D:6)
  An orc wizard (D:3)
  An iguana (D:5)
  9 adders
  A shadow imp (D:6)
  2 ufetubi (D:5)
  2 ribbon worms
  A dart slug (D:2)
  9 orcs
  2 endoplasms
  5 giant cockroaches
  2 goblins
  7 hobgoblins
  6 jackals
  A quokka (D:5)
  5 ball pythons
  4 bats
  2 frilled lizards
  4 kobolds
  6 rats
88 creatures vanquished.

Vanquished Creatures (collateral kills)
  A black bear (D:6)
1 creature vanquished.

Vanquished Creatures (others)
  A vampire mosquito (D:7)
1 creature vanquished.

Grand Total: 90 creatures vanquished

Notes
Turn   | Place    | Note
-------+----------+-------------------------------------------
     0 | D:1      | pokeman the Deep Elf Hedge Wizard began the quest for the
                  | Orb.
     0 | D:1      | Reached XP level 1. HP: 10/10 MP: 7/7
    87 | D:1      | Found a faded altar of an unknown god.
   375 | D:1      | Reached XP level 2. HP: 14/16 MP: 2/9
  1323 | D:2      | Identified the +1 leather armour of Lugonu's Whim {Rampage
                  | *Slow Fly rN+}
  1432 | D:2      | Reached skill level 5 in Spellcasting
  1457 | D:2      | Reached XP level 3. HP: 20/20 MP: 8/11
  1461 | D:2      | Learned a level 3 spell: Mephitic Cloud
  1464 | D:2      | Learned a level 2 spell: Call Imp
  1467 | D:2      | Learned a level 2 spell: Blink
  1697 | D:2      | Reached skill level 1 in Fighting
  1697 | D:2      | Reached skill level 1 in Armour
  2141 | D:3      | Reached XP level 4. HP: 21/25 MP: 4/13
  3006 | D:3      | Reached skill level 6 in Spellcasting
  3271 | D:4      | Reached XP level 5. HP: 29/29 MP: 8/15
  3396 | D:4      | Found a staircase to the Ecumenical Temple.
  3405 | Temple   | Entered the Ecumenical Temple
  3413 | Temple   | Became a worshipper of Vehumet
  3479 | D:4      | Noticed an ogre
  3489 | D:4      | Killed an ogre
  3490 | D:4      | Reached skill level 1 in Necromancy
  3490 | D:4      | Reached skill level 1 in Air Magic
  3490 | D:4      | Reached skill level 1 in Alchemy
  3792 | D:5      | Entered Level 5 of the Dungeon
  3809 | D:5      | Reached XP level 6. HP: 34/34 MP: 11/17
  4255 | D:5      | Reached skill level 7 in Spellcasting
  4801 | D:6      | Reached XP level 7. HP: 39/39 MP: 15/20
  4955 | D:6      | Reached skill level 1 in Evocations
  4997 | D:6      | Reached skill level 8 in Spellcasting
  5340 | D:6      | Reached * piety under Vehumet
  5340 | D:6      | Offered knowledge of Sandblast by Vehumet.
  5415 | D:6      | Noticed a manticore
  5427 | D:6      | Killed a manticore
  5428 | D:6      | Reached skill level 9 in Spellcasting
  5428 | D:6      | Reached XP level 8. HP: 29/44 MP: 15/23
  5713 | D:7      | Reached skill level 5 in Conjurations
  5824 | D:7      | Reached skill level 10 in Spellcasting
  5833 | D:7      | Killed from afar by an orc priest

Illustrated notes

Levels and vault maps discovered:
D:1:      dpeg_arrival_yet_another_circle, layout_basic, basic_ecumenical_altar,
          minmay_door_square, minmay_misc_feat_cross
D:2:      layout_basic
D:3:      layout_basic, kennysheep_generic_room_11
D:4:      layout_cave_pools, minmay_temple_entry_drinking_statues, minivault_11,
          serial_bayou_crossing
D:5:      layout_basic, serial_library_regret_index_split_case
D:6:      minmay_chambers_of_fours, layout_basic
D:7:      minmay_the_grid_square_5x5_3x3
          [minmay_the_grid_square_5x5_checkered_statues,
          minmay_the_grid_square_5x5_detours,
          minmay_the_grid_square_5x5_doubleslash,
          minmay_the_grid_square_5x5_hollow_slash,
          minmay_the_grid_square_5x5_megaprize_crossed,
          minmay_the_grid_square_5x5_eight_small,
          minmay_the_grid_square_5x5_corner,
          minmay_the_grid_square_5x5_gyroscope,
          minmay_the_grid_square_5x5_checkered], layout_loops_ring,
          mainiacjoe_overflow_catch_the_wave, kennysheep_nondescript,
          grunt_decor_cap
Temple:   compressed_dpeg_triangle_lava_temple

Skill      XL: |  1  2  3  4  5  6  7  8 |
---------------+-------------------------+-----
Spellcasting   | 5 6 7 9 10 | 10.1
Fighting       | 1 2 |  2.1
Armour         | 1 2 |  2.8
Conjurations   | 2 3 4 5 |  5.3
Stealth        | 3 |  3.0
Dodging        | 3 |  3.0
Necromancy     | 1 2 4 |  4.9
Air Magic      | 1 |  1.1
Alchemy        | 1 |  1.0
Evocations     | 1 |  1.0
Summonings     | |  1.1
Translocations | |  1.1

Action                     |  1- 3 |  4- 6 |  7- 9 || total
---------------------------+-------+-------+-------++-------
  Melee: Dagger            |    11 |    26 |    70 ||   107
         Punch             |     1 |     1 |     2 ||     4
   Cast: Magic Dart        |    88 |   124 |    26 ||   238
         Mephitic Cloud    |     1 |     5 |     9 ||    15
         Call Imp          |       |       |     7 ||     7
         Blink             |       |       |     2 ||     2
  Evoke: Wand              |       |       |     4 ||     4
   Stab: Sleeping          |     1 |     1 |       ||     2
         Confused          |     2 |     1 |     5 ||     8
 Armour: Robe              |    14 |       |       ||    14
         Leather armour    |     6 |    31 |    47 ||    84
  Dodge: Dodged            |    17 |    42 |    68 ||   127

Table legend: (Time is in decaauts)
 A = Elapsed time spent in this place.
 B = Non-inter-level travel time spent in this place.
 C = Inter-level travel time spent in this place.
 D = Time resting spent in this place.
 E = Time spent auto-exploring this place.
 F = Levels seen in this place.
 G = Mean time per level.
                   A        B        C        D        E       F      G
               +--------+--------+--------+--------+--------+-----+--------+
         Total |   5837 |   5575 |    262 |     40 |   4688 |   8 |  729.6 |
       Dungeon |   5820 |   5565 |    255 |     40 |   4688 |   7 |  831.4 |
        Temple |     16 |      9 |      7 |      0 |      0 |   1 |   16.0 |
               +--------+--------+--------+--------+--------+-----+--------+

Top non-repeatable levels by time:
     D:1: 1177 daAuts
     D:3: 1066 daAuts
     D:6: 964 daAuts
     D:2: 952 daAuts
     D:5: 939 daAuts
     D:4: 578 daAuts
     D:7: 141 daAuts
  Temple: 16 daAuts
